Map: Overgrown Facility

Players

Gummo - Winner!

  • Race: Terran Terran
  • League: Diamond
  • Spawn Location: 1:00

Adversity - Winner!

  • Race: Terran Terran
  • Spawn Location: 3:00

JicD

  • Race: Zerg Zerg
  • League: Master
  • Spawn Location: 7:00

Rescue

  • Race: Protoss Protoss
  • League: Master
  • Spawn Location: 9:00

VOD

Have the link to the VOD?

Description

Time

  • Played on: July 14, 2018, 6:37 p.m.
  • Length: 5:56
Show
View Real Time Build Order
Export as new Build Order

Gummo Terran - Winner!

Build Orders: Reaper Expand 

Get SALT Encoding   

  12  0:01  SCV  
  13  0:13  SCV  
  14  0:19  Supply Depot  
  14  0:25  SCV  
  15  0:40  SCV  
  16  0:43  Barracks  
  16  0:49  Refinery  
  16  0:55  SCV  
  17  1:08  SCV  
  18  1:20  SCV  
  19  1:37  Reaper  
  19  1:38  Orbital Command  
  20  1:49  Command Center  
  20  2:01  Refinery  
  20  2:07  SCV  
  21  2:13  Barracks  
  21  2:14  Barracks Reactor  
  21  2:26  SCV  
  22  2:33  Barracks  
  22  2:38  SCV  
  23  2:45  Supply Depot  
  23  3:00  Marine x2, SCV  
  23  3:04  Bunker, Barracks Tech Lab  
  25  3:10  Bunker  
  25  3:17  Marine  
  25  3:18  Marine  
  27  3:21  Barracks Tech Lab  
  27  3:24  Marauder  
  27  3:25  Concussive Shells  
  29  3:39  Marine x2  
  29  3:40  Marauder  
  33  3:43  SCV  
  34  4:05  Marine x2, Marauder x2  
  34  4:07  Orbital Command  
  40  4:16  Combat Shield  
  40  4:18  SCV  
  41  4:30  SCV, Marauder x2  
  46  4:37  Supply Depot  
  45  4:51  Marine  
  46  4:58  Marine, SCV x2, Marauder x2  
  53  5:12  SCV  
  54  5:15  Supply Depot x2  
  54  5:16  SCV  
  54  5:33  Marine  
  54  5:36  Marine  
  54  5:38  SCV x2  
  54  5:40  Supply Depot  
  54  5:42  Supply Depot  
Show
View Real Time Build Order
Export as new Build Order

Adversity Terran - Winner!

Build Orders: Reaper Expand 

Get SALT Encoding   

  12  0:00  SCV  
  13  0:13  SCV  
  14  0:18  Supply Depot  
  14  0:25  SCV  
  15  0:39  SCV  
  15  0:40  Barracks  
  16  0:45  Refinery  
  16  0:51  SCV  
  17  1:03  SCV  
  18  1:16  SCV  
  19  1:28  Orbital Command  
  19  1:29  Reaper  
  20  1:44  Command Center  
  20  1:52  Supply Depot  
  20  1:55  SCV  
  21  2:08  Barracks  
  21  2:10  SCV, Barracks Reactor  
  22  2:19  Barracks  
  22  2:23  SCV  
  23  2:36  SCV  
  24  2:40  Supply Depot, Bunker  
  24  2:48  Marine x2  
  24  2:49  SCV  
  26  2:55  Bunker x2  
  26  3:02  Barracks Tech Lab  
  26  3:05  Orbital Command  
  26  3:07  SCV  
  26  3:09  Marine  
  26  3:10  Marine  
  28  3:21  Marauder  
  28  3:22  Marine  
  28  3:23  SCV  
  22  3:49  SCV x2  
  22  4:00  Bunker  
  22  4:01  SCV x2  
  24  4:06  Marine  
  24  4:07  Marine x2  
  27  4:12  Marauder  
  27  4:13  SCV  
  31  4:17  SCV  
  26  4:40  Marine x3  
  26  4:41  Marine  
  26  4:45  SCV x2  
  32  4:57  SCV x2  
  32  4:59  Factory, Barracks Tech Lab  
  34  5:02  Refinery  
  34  5:03  Marauder  
  36  5:09  SCV x2  
  36  5:10  Marine x2  
  40  5:21  Marauder, SCV x2  
  42  5:27  Marauder  
  46  5:31  Supply Depot  
  46  5:42  Supply Depot  
Show
View Real Time Build Order
Export as new Build Order

JicD Zerg 

Build Orders: Pool Only, Ravager All-In 

Get SALT Encoding   

  12  0:01  Drone  
  13  0:23  Spawning Pool  
  13  0:25  Drone  
  13  0:30  Drone  
  14  0:39  Extractor  
  14  0:40  Drone  
  14  0:44  Extractor  
  14  0:45  Drone  
  14  0:53  Overlord  
  14  1:11  Roach Warren  
  14  1:12  Drone  
  14  1:26  Overlord  
  14  1:51  Roach  
  14  1:52  Roach  
  14  1:53  Roach  
  20  2:04  Roach  
  22  2:12  Ravager x2  
  22  2:13  Ravager  
  25  2:19  Roach  
  27  2:28  Roach  
  29  2:51  Overlord  
  29  2:57  Ravager  
  30  3:05  Spore Crawler  
  29  3:06  Ravager  
  29  3:10  Overlord  
  29  3:12  Roach  
  33  3:19  Roach  
  35  3:27  Roach  
  34  3:45  Roach x2  
  32  3:56  Ravager x2  
  34  4:04  Roach  
  36  4:10  Roach  
  27  4:40  Roach x2  
  27  4:41  Roach  
  27  4:43  Ravager  
  34  4:55  Ravager  
  34  4:59  Roach  
  34  5:03  Roach  
  33  5:12  Ravager  
  33  5:13  Ravager  
  35  5:22  Roach  
Show
View Real Time Build Order
Export as new Build Order

Rescue Protoss 

Build Orders:  

Get SALT Encoding   

  12  0:01  Probe  
  13  0:13  Probe  
  14  0:18  Pylon  
  14  0:25  Probe  
  15  0:29  Assimilator  
  15  0:37  Probe  
  16  0:44  Gateway  
  16  0:49  Probe  
  17  0:51  Assimilator  
  17  0:56  Assimilator  
  17  1:01  Probe  
  18  1:13  Probe  
  19  1:19  Gateway  
  19  1:26  Probe  
  19  1:31  Cybernetics Core  
  20  1:38  Probe  
  21  1:43  Warp Gate  
  21  1:45  Pylon  
  21  1:54  Probe  
  22  2:06  Probe  
  23  2:09  Stalker  
  24  2:24  Stalker  
  24  2:41  Stalker  
  25  2:54  Stalker  
  27  3:03  Probe  
  28  3:09  Gateway  
  28  3:11  Probe  
  28  3:19  Probe  
  30  3:29  Pylon  
  30  3:30  Probe  
  31  3:53  Gateway  
  31  3:59  Pylon  
  31  4:09  Stalker x3  
  37  4:12  Probe  
  38  4:19  Pylon  
  38  4:24  Probe  
  37  4:36  Probe  
  36  4:45  Stalker x3  
  36  5:07  Nexus, Probe  
  36  5:13  Sentry x2  
  41  5:18  Sentry x2  
Tags
 
Add a new tag
Caveats
  • Supply blocks, unpowered buildings, or Contaminate may cause inaccurate times.
  • Supply counts are checked every 10 seconds.